 Dungeon Crawl Stone Soup version 0.23.2-1-ga50397a6bc (webtiles) character file.

Game seed: 3013614544941744162

277 Menchi the Skirmisher (level 6, -3/58 HPs)
             Began as a Naga Fighter on May 17, 2019.
             Slain by Grinder (6 damage)
             ... on level 4 of the Dungeon.
             The game lasted 00:07:40 (2852 turns).

Menchi the Skirmisher (Naga Fighter)                Turns: 2852, Time: 00:07:40

Health: -3/58      AC:  8    Str: 26    XL:     6   Next: 26%
Magic:  6/6        EV:  9    Int:  8    God:
Gold:   169        SH:  0    Dex: 10    Spells: 5/5 levels left

rFire    . . .     SeeInvis +   i - +1 spear
rCold    . . .     Gourm    .   (no shield)
rNeg     . . .     Faith    .   b - +1 scale mail
rPois    +         Spirit   .   (no helmet)
rElec    .         Reflect  .   g - +1 cloak
rCorr    .         Harm     .   (no gloves)
MR       .....                  (no barding)
Stlth    ..........             (no amulet)
HPRegen  0.19/turn              (no ring)
MPRegen  0.10/turn              (no ring)

@: mighty, short of breath, very slow
A: large, see invisible, deformed body, poison resistance, slowness 2, slow
metabolism 1, spit poison 1, AC +2
a: Spit Poison


You were on level 4 of the Dungeon.
You were not hungry.

You visited 1 branch of the dungeon, and saw 4 of its levels.

You collected 169 gold pieces.

Inventory:

Hand Weapons
 i - a +1 spear (weapon)
Armour
 b - a +1 scale mail (worn)
 c - a +0 shield
 g - a +1 cloak (worn)
 o - a scarf of cloud immunity
Wands
 t - a wand of enslavement (3)
Scrolls
 a - 2 scrolls of teleportation
 k - 2 scrolls of fear
 m - 2 scrolls of amnesia {unknown}
 p - 2 scrolls of remove curse
 q - a scroll of fog
 s - 2 scrolls of identify {unknown}
Potions
 e - a potion of brilliance {unknown}
 h - 4 potions of magic {unknown}
 j - 2 potions of heal wounds {unknown}
 l - a potion of flight {unknown}
 n - a potion of ambrosia {unknown}
 r - a potion of lignification {unknown}
Comestibles
 f - 4 rations
 u - a chunk of flesh


   Skills:
 + Level 4.5 Fighting
 - Level 2.0 Polearms
 - Level 2.4 Armour
 + Level 2.6 Dodging
 + Level 3.8 Shields


You had 5 spell levels left.
You didn't know any spells.
Your spell library was empty.

Dungeon Overview and Level Annotations

Branches:
Dungeon (4/15)
 Temple: D:4-7

Altars:
Fedhas
Hepliaklqana
Okawaru
Trog
Xom
Zin

Annotations:
D:4 Grinder


Innate Abilities, Weirdness & Mutations

You cannot wear boots.
Your serpentine skin is tough. (AC +2)
You have supernaturally acute eyesight. (SInv)
Armour fits poorly on your strangely shaped body.
Your system is resistant to poisons. (rPois)
You cover ground very slowly.
You have a slow metabolism.
You can spit poison.


Message History

Grinder says, "FISH!"
Grinder hits you.
You writhe in agony.
You feel very mighty all of a sudden. Grinder hits you.
You writhe in agony.
* * * LOW HITPOINT WARNING * * *
You hit Grinder.
Grinder is severely wounded.
Grinder hits you.
* * * LOW HITPOINT WARNING * * *
You writhe in agony.
* * * LOW HITPOINT WARNING * * *
Press: ? - help, Shift-Dir - straight line, f/p - Grinder
Aim: Grinder (severely wounded)
The splash of poison misses Grinder.
You feel slightly more hungry. Grinder hits you.
* * * LOW HITPOINT WARNING * * *
You puncture Grinder!
Grinder is severely wounded.
Grinder hits you.
You die...

.... #.# ###..#####+##
#.# ⌠...._##...# #.#
######8..8###...##
#.####
....?.......+....#
#.#.. #.#.# #....#
#.#.# #...#
#....####.#.# ##.5#
#..........<#
#####.@####.#.#......#
.......>.....######.#.#
#######.###### #.#.#
#.# #.#.# #.# #.#.# #..
..#.# ### ###.#


You could see Grinder.

Vanquished Creatures
  A hound (D:4)
  Natasha (twice) (D:3)
  An orc wizard (D:3)
  Terence (D:2)
  4 adders
  2 oozes (D:1)
  4 worms
  A leopard gecko (D:2)
  10 orcs (D:3)
  2 ball pythons (D:1)
  5 giant cockroaches
  9 goblins
  9 hobgoblins
  A quokka (D:3)
  13 bats
  4 frilled lizards
  9 kobolds
  6 rats
84 creatures vanquished.

Notes
Turn   | Place    | Note
-------+----------+-------------------------------------------
     0 | D:1      | Menchi the Naga Fighter began the quest for the Orb.
     0 | D:1      | Reached XP level 1. HP: 21/21 MP: 1/1
    50 | D:1      | Reached XP level 2. HP: 28/28 MP: 2/2
   194 | D:1      | Found an ancient bone altar of Kikubaaqudgha.
   199 | D:1      | Found a glowing silver altar of Zin.
   199 | D:1      | Found a hazy altar of Hepliaklqana.
   201 | D:1      | Found a blossoming altar of Fedhas.
   201 | D:1      | Found an iron altar of Okawaru.
   201 | D:1      | Found a shimmering altar of Xom.
   239 | D:1      | Reached skill level 1 in Dodging
   239 | D:1      | Reached XP level 3. HP: 32/34 MP: 3/3
   844 | D:2      | Noticed Terence
   860 | D:2      | Killed Terence
   860 | D:2      | Reached XP level 4. HP: 22/44 MP: 4/4
  1488 | D:2      | Reached XP level 5. HP: 43/50 MP: 5/5
  1513 | D:2      | Reached skill level 4 in Fighting
  2034 | D:3      | Noticed Natasha
  2045 | D:3      | Killed Natasha
  2388 | D:3      | Noticed Natasha
  2396 | D:3      | Killed Natasha
  2396 | D:3      | Reached XP level 6. HP: 50/58 MP: 6/6
  2463 | D:3      | Found a bloodstained altar of Trog.
  2810 | D:4      | Found a shimmering altar of Xom.
  2827 | D:4      | Noticed Grinder
  2828 | D:4      | Paralysed by Grinder for 6 turns
  2852 | D:4      | Slain by Grinder

Skill      XL: |  1  2  3  4  5 |
---------------+----------------+-----
Dodging        | 1 2 |  2.6
Shields        | 3 |  3.8
Fighting       | 4 |  4.5
Polearms       | |  2.0
Armour         | |  2.4

Action                   |  1- 3 |  4- 6 || total
-------------------------+-------+-------++-------
Melee: Trident           |    57 |       ||    57
       Spear             |    62 |   215 ||   277
 Abil: Spit Poison       |     4 |    19 ||    23
  Use: Scroll            |     6 |     3 ||     9
       Potion            |       |     1 ||     1
  Eat: Chunk             |       |     7 ||     7
Armor: Scale mail        |    38 |    96 ||   134
Dodge: Dodged            |    39 |   100 ||   139
Block: Shield            |     1 |       ||     1
